 Dungeon Crawl Stone Soup version 0.30-a0-743-gbfdf073431 (webtiles) character file.

Game seed: 11229586531817640095

114 Leeroy the Slasher (level 4, -2/23 HPs)
             Began as a Vine Stalker Warper on Feb 5, 2023.
             Slain by a goblin
             ... wielding a +0 club
             ... led by Robin
              (3 damage)
             ... on level 3 of the Dungeon.
             The game lasted 00:02:50 (2341 turns).

Leeroy the Slasher (Vine Stalker Warper)            Turns: 2341, Time: 00:02:51

Health: -2/23      AC:  3    Str: 13    XL:     4   Next: 98%
Magic:  0/8        EV: 11    Int: 13    God:
Gold:   155        SH:  0    Dex: 16    Spells: 2/7 levels left

rFire   + . .      SeeInvis .    t - +2 whip (elec)
rCold   . . .      Faith    .    (no shield)
rNeg    . . .      Spirit   +    m - +0 leather armour {rF+}
rPois   .          Reflect  .    (no helmet)
rElec   .          Harm     .    (no cloak)
rCorr   .          Rampage  .    (no gloves)
Will    .....                    (no boots)
Stlth   +                        (no amulet)
HPRegen 1.03/turn                (no ring)
MPRegen 0.11/turn                (no ring)

@: no status effects
A: fangs 2, regeneration 1, magic shield, antimagic bite, no potion heal 2
a: no special abilities


You were on level 3 of the Dungeon.
You visited 1 branch of the dungeon, and saw 3 of its levels.

You collected 155 gold pieces.

Inventory:

Hand Weapons
 a - a +0 falchion
 h - a +0 dagger of draining
 k - a +0 dagger of holy wrath
 t - a +2 whip of electrocution (weapon)
 v - a +0 whip
Missiles
 d - 7 boomerangs of dispersal (quivered)
 i - 11 poisoned darts
Armour
 b - a +0 leather armour
 f - a +0 chain mail
 m - a +0 leather armour of fire resistance (worn)
Scrolls
 c - 2 scrolls of blinking
 e - 4 scrolls of teleportation {unknown}
 g - 2 scrolls of amnesia {unknown}
 j - 2 scrolls of butterflies {unknown}
 l - a scroll of identify {unknown}
 n - 2 scrolls of enchant weapon {unknown}
 p - a scroll of fear {unknown}
 q - a scroll of poison {unknown}
 r - a scroll of torment {unknown}
Potions
 o - a potion of berserk rage {unknown}
 s - a potion of heal wounds {unknown}
 u - a potion of might {unknown}


   Skills:
 - Level 1.7 Fighting
 + Level 4.5 Long Blades
 - Level 0.8 Throwing
 - Level 0.7 Armour
 - Level 1.5 Dodging
 - Level 2.1 Spellcasting
 - Level 3.0 Translocations


You had 2 spell levels left.
You knew the following spells:

 Your Spells              Type           Power      Damage    Failure   Level
a - Blink                 Tloc           18%        N/A       14%         2
b - Vhi's Electric Charg  Tloc/Air       10%        N/A       45%         3

Your spell library contained the following spells:

 Spells                   Type           Power      Damage    Failure   Level
 Lesser Beckoning         Tloc           18%        N/A       14%         2
 Teleport Other           Tloc           9%         N/A       28%         3
 Manifold Assault         Tloc           9%         N/A       67%         4


Dungeon Overview and Level Annotations

Branches:
Dungeon (3/15)

Altars:

Shops:
D:3 =

Annotations:
D:3 Terence


Innate Abilities, Weirdness & Mutations

You have extremely sharp teeth.
Your natural rate of healing is unusually fast.
When hurt, damage is shared between your health and your magic reserves.
Your bite disrupts and absorbs the magic of your enemies.
Potions cannot restore your health.


Message History

You closely miss the hobgoblin.
You bite the hobgoblin, but do no damage.
The hobgoblin is heavily wounded.
The goblin shoots a sling bullet.
The sling bullet hits you.
The hobgoblin hits you with a +0 mace. x2
* * * LOW HITPOINT WARNING * * *
The goblin shoots a sling bullet.
The sling bullet hits you but does no damage.
You are too injured to fight recklessly!
You are too injured to fight recklessly!
You are too injured to fight recklessly!
You are too injured to fight recklessly!
You are too injured to fight recklessly!
A hobgoblin comes into view.
The goblin unwields a +0 sling.
The goblin wields a +0 club.
The goblin closely misses you. The hobgoblin hits you with a +0 mace.
* * * LOW HITPOINT WARNING * * *
There is an open door here.
You closely miss the goblin. Your bite misses the goblin.
The hobgoblin misses you.
You closely miss the hobgoblin. You bite the hobgoblin. You drain its power.
You feel invigorated.
The hobgoblin is severely wounded.
The goblin no longer looks unusually strong.
The goblin barely misses you. The hobgoblin hits you with a +0 mace.
* * * LOW HITPOINT WARNING * * *
The goblin closely misses you.
You hit the hobgoblin.
The hobgoblin is almost dead.
The hobgoblin hits you with a +0 mace.
* * * LOW HITPOINT WARNING * * *
The goblin closely misses you.
You hit the hobgoblin.
You kill the hobgoblin!
The goblin closely misses you. The goblin hits you with a +0 club.
* * * LOW HITPOINT WARNING * * *
You miss the goblin. The goblin hits you with a +0 club.
* * * LOW HITPOINT WARNING * * *
The goblin hits you with a +0 club.
You die...

######
#.##.###.............
#~~~~~##.#.##
##.##.#.##.##.
#~...~#....#
#....#.##.##.
#~...~##.#.##
##.#..#....... #~...~
#.##.###.##..####.###
##~...~######........#
#.#
~~~...~~~~~~#..####.###
#.# ...♣.♣.....g#).#
#...# #.#
........).g@..# ###.#
..♣.♣.....g#..# #.#
~...~~~~~~#..# #.#
#~...~######..# #.#
#~...~##...#..# #.#
#~...~#...)#..######.#
#~...~#..............#
####.####.###### #.#
#.#


You could see a hobgoblin and 2 goblins.

Vanquished Creatures
  An orc priest (D:3)
  Robin (D:3)
  An adder (D:2)
  3 orcs (D:3)
  4 endoplasms
  A giant cockroach (D:1)
  7 hobgoblins
  3 quokkas
  5 ball pythons
  8 bats
  2 frilled lizards (D:1)
  13 goblins
  6 kobolds
  6 rats
61 creatures vanquished.

Notes
Turn   | Place    | Note
-------+----------+-------------------------------------------
     0 | D:1      | Leeroy the Vine Stalker Warper began the quest for the Orb.
     0 | D:1      | Reached XP level 1. HP: 11/11 MP: 4/4
    98 | D:1      | Reached skill level 2 in Long Blades
   199 | D:1      | Reached XP level 2. HP: 15/15 MP: 4/6
   382 | D:1      | Found a faded altar of an unknown god.
   623 | D:1      | Reached skill level 3 in Long Blades
   721 | D:1      | Reached XP level 3. HP: 18/18 MP: 7/7
  1033 | D:2      | Learned a level 2 spell: Blink
  1037 | D:2      | Learned a level 3 spell: Vhi's Electric Charge
  1875 | D:3      | Noticed Terence
  2097 | D:3      | Found Tulada's One-of-a-Kind Rings.
  2105 | D:3      | Gained mutation: Your natural rate of healing is unusually
                  | fast. [Vine Stalker growth]
  2105 | D:3      | Reached XP level 4. HP: 20/23 MP: 5/8
  2240 | D:3      | Reached skill level 4 in Long Blades
  2316 | D:3      | Noticed Robin
  2323 | D:3      | Killed Robin
  2341 | D:3      | HP: 1/23 [goblin/+0 club[Robin] (2)]
  2341 | D:3      | Slain by a goblin

Illustrated notes

Levels and vault maps discovered:
D:1:      dpeg_arrival_concentric_ovals, layout_loops_corners,
          chequers_ecumenical_altar_island, st_stairs_1, minmay_pentomino_p2
D:2:      layout_loops_ring, skrybe_limestone_x, hex_large, nrook_campfire
D:3:      layout_loops_ring, nicolae_shop_unique_rings, kennysheep_minor_cross,
          uniq_robin, uniq_terence

Skill      XL: |  1  2  3  4 |
---------------+-------------+-----
Long Blades    | 2 3 4 |  4.5
Fighting       | |  1.7
Throwing       | |  0.8
Armour         | |  0.7
Dodging        | |  1.5
Spellcasting   | |  2.1
Translocations | |  3.0

Action                     |  1- 3 |  4- 6 || total
---------------------------+-------+-------++-------
  Melee: Falchion          |   122 |       ||   122
         Bite              |    25 |    14 ||    39
         Punch             |     1 |       ||     1
         Whip              |     2 |    61 ||    63
   Cast: Blink             |     1 |       ||     1
    Use: Potion            |     1 |       ||     1
   Stab: Sleeping          |     1 |       ||     1
 Armour: Leather armour    |    25 |    15 ||    40
         Chain mail        |    53 |       ||    53
  Dodge: Dodged            |    59 |    43 ||   102

Table legend: (Time is in decaauts)
 A = Elapsed time spent in this place.
 B = Non-inter-level travel time spent in this place.
 C = Inter-level travel time spent in this place.
 D = Time resting spent in this place.
 E = Time spent auto-exploring this place.
 F = Levels seen in this place.
 G = Mean time per level.
                   A        B        C        D        E       F      G
               +--------+--------+--------+--------+--------+-----+--------+
         Total |   2371 |   2293 |     78 |      0 |   1793 |   3 |  790.3 |
       Dungeon |   2371 |   2293 |     78 |      0 |   1793 |   3 |  790.3 |
               +--------+--------+--------+--------+--------+-----+--------+

Top non-repeatable levels by time:
     D:1: 1046 daAuts
     D:2: 844 daAuts
     D:3: 481 daAuts
